 Dungeon Crawl Stone Soup version 0.22-a0-580-gd5db89c09a (webtiles) character file.

651102 psixmax the Conqueror (level 27, 0/245 HPs)
             Began as a Hill Orc Fighter on July 3, 2018.
             Was the Champion of Okawaru.
             Killed from afar by a Hell Sentinel (41 damage)
             ... with damnation
             ... on level 3 of the Depths.
             The game lasted 02:59:26 (55734 turns).

psixmax the Conqueror (Hill Orc Fighter)           Turns: 55734, Time: 02:59:27

Health: 0/245      AC: 38    Str: 31    XL:     27
Magic:  26/29      EV: 23    Int:  8    God:    Okawaru [******]
Gold:   5013       SH: 21    Dex: 23    Spells: 26/26 levels left

rFire    + + .     SeeInvis +   Y - +8 broad axe of Obeut {vamp, rC+++ Str+4 Int-4}
rCold    + + +     Gourm    .   g - +5 shield {reflect}
rNeg     + . .     Faith    .   s - +8 plate armour of Divine Compulsion {rF+ rC+ Int+3 SInv}
rPois    +         Spirit   .   U - +2 hat {Int+3}
rElec    .         Reflect  +   D - +1 cloak {MR+}
rCorr    .         Harm     .   V - +2 pair of gloves {Str+3}
MR       ++++.     Rnd*Rage +   N - +2 pair of boots "Achuan" {rPois Dex+5} Stlth ..........Rnd*Tele +
                                M - amulet "Wiryz" {rF+ Regen+}
HPRegen  0.90/turn              F - ring of protection from magic
MPRegen  0.21/turn              R - ring of Attitude {*Drain +Blink +Fly rN+ Dex+4}

@: no status effects
A: berserk 2, blurry vision 3, deformed body, dopey 1, frail 1, low mp 2,
teleportitis 1, weak 2, subdued magic 2
0: Orb of Zot
}: 3/15 runes: decaying, serpentine, silver
a: Heroism, Finesse, Renounce Religion, Evoke Blink, Evoke Flight


You were on level 3 of the Depths.
You worshipped Okawaru.
Okawaru was exalted by your worship.
You were very full.

You visited 9 branches of the dungeon, and saw 47 of its levels.
You visited the Abyss 1 time.
You also visited: Labyrinth.

You collected 6407 gold pieces.
You spent 1394 gold pieces at shops.

Inventory:

Hand Weapons
 l - the +8 Wrath of Trog {antimagic, *Rage}
   (Okawaru gifted it to you on level 4 of the Snake Pit)

   It reduces the magical energy of the wielder, and disrupts the spells and
   magical abilities of those hit.
   Natural abilities and divine invocations are not affected.
   It may make you go berserk in combat.
 S - the +0 war axe of Dim Light {antimagic, rN+ Str+5 Dex+6}
   (Okawaru gifted it to you on level 4 of the Realm of Zot)

   It reduces the magical energy of the wielder, and disrupts the spells and
   magical abilities of those hit.
   Natural abilities and divine invocations are not affected.
   It affects your strength (+5).
   It affects your dexterity (+6).
   It protects you from negative energy.
 Y - the +8 broad axe of Obeut (weapon) {vamp, rC+++ Str+4 Int-4}
   (Okawaru gifted it to you on level 4 of the Swamp)

   It inflicts no extra harm, but heals its wielder when it wounds a living foe.
   It affects your strength (+4).
   It affects your intelligence (-4).
   It renders you almost immune to cold.
Armour
 g - a +5 shield of reflection (worn)
 n - a +0 helmet of see invisible
 s - the +8 plate armour of Divine Compulsion (worn) {rF+ rC+ Int+3 SInv}
   (Okawaru gifted it to you on level 3 of the Lair of Beasts)

   It affects your intelligence (+3).
   It protects you from fire.
   It protects you from cold.
   It lets you see invisible.
 D - a +1 cloak of magic resistance (worn)
 I - a scarf of spirit shield
 N - the +2 pair of boots "Achuan" (worn) {rPois Dex+5}
   (You found it on level 5 of the Vaults)

   It affects your dexterity (+5).
   It protects you from poison.
 U - a +2 hat of intelligence (worn)
 V - a +2 pair of gloves of strength (worn)
Jewellery
 a - the ring "Gadwuull" {Fire rN+ MR- Dex+8 Slay+5}
   (You took it off a minotaur in a labyrinth)

   [ring of fire]

   It enhances your fire magic.
   It affects your dexterity (+8).
   It affects your accuracy and damage with ranged weapons and melee attacks
   (+5).
   It protects you from fire.
   It makes you vulnerable to cold.
   It protects you from negative energy.
   It affects your resistance to hostile enchantments.
 F - a ring of protection from magic (left hand)
 M - the amulet "Wiryz" (around neck) {rF+ Regen+}
   (You found it on level 10 of the Dungeon)

   [amulet of regeneration]

   It protects you from fire.
   It increases your rate of regeneration.
 R - the ring of Attitude (right hand) {*Drain +Blink +Fly rN+ Dex+4}
   (You found it on level 3 of the Lair of Beasts)

   [ring of positive energy]

   It affects your dexterity (+4).
   It protects you from negative energy.
   It lets you fly.
   It lets you blink.
   It causes draining when unequipped.
 W - the brooch of Shielding (quivered) {Reflect SH+8}
   (You took it off a draconian monk on level 4 of the Realm of Zot)

   [amulet of reflection]

   It shields you and reflects attacks.
   It affects your SH (+8).
 Z - an uncursed ring of resist corrosion
Wands
 b - a wand of paralysis (51)
 c - a wand of disintegration (57)
 w - a wand of enslavement (29)
 x - a wand of digging (48)
 A - a wand of polymorph (25)
 C - a wand of flame (96)
 E - a wand of iceblast (38)
 J - a wand of acid (23)
Scrolls
 d - 4 scrolls of magic mapping
 e - a scroll of teleportation
 j - 17 scrolls of fog
 p - 3 scrolls of identify
 t - 3 scrolls of immolation
 u - 2 scrolls of brand weapon
 y - 21 scrolls of remove curse
 z - 10 scrolls of amnesia
 B - a scroll of holy word
 H - 3 scrolls of fear
 K - 9 scrolls of enchant weapon
 O - 3 scrolls of summoning
 Q - 2 scrolls of vulnerability
Potions
 h - 13 potions of curing
 k - 4 potions of invisibility
 m - 3 potions of agility
 o - 2 potions of cancellation
 r - 8 potions of brilliance
 v - 5 potions of magic
 G - 3 potions of ambrosia
 L - 6 potions of flight
 P - 6 potions of lignification
 T - 2 potions of berserk rage
Comestibles
 f - 55 rations


   Skills:
 O Level 27 Fighting
 - Level 20.0 Axes
 O Level 27 Armour
 + Level 17.0 Dodging
 - Level 15.0 Shields
 - Level 9.0 Invocations
 + Level 20.0 Evocations


You had 26 spell levels left.
You didn't know any spells.
Your spell library contained the following spells:

 Spells                   Type           Power        Failure   Level  Hunger
 Cause Fear               Hex            #.........   100%        4    #####..
 Magic Dart               Conj           #...         67%         1    ##.....
 Fireball                 Conj/Fire      #.........   100%        5    ######.
 Apportation              Tloc           #.....       67%         1    ##.....
 Conjure Flame            Conj/Fire      #.......     96%         3    ####...
 Lightning Bolt           Conj/Air       #.........   100%        5    ######.
 Bolt of Magma            Conj/Fire/Erth #.........   100%        5    ######.
 Confuse                  Hex            #.......     96%         3    ####...
 Throw Flame              Conj/Fire      #.....       80%         2    ###....
 Mephitic Cloud           Conj/Pois/Air  #.......     96%         3    ####...
 Venom Bolt               Conj/Pois      #.........   100%        5    ######.
 Olgreb's Toxic Radiance  Pois           #.......     100%        4    #####..
 Summon Small Mammal      Summ           #...         67%         1    ##.....
 Iskenderun's Mystic Bla  Conj           #.......     100%        4    #####..
 Animate Dead             Necr           N/A          100%        4    #####..
 Pain                     Necr           #...         67%         1    ##.....
 Animate Skeleton         Necr           N/A          67%         1    ##.....
 Vampiric Draining        Necr           #.........   96%         3    ####...
 Sticky Flame             Conj/Fire      #.......     100%        4    #####..
 Regeneration             Chrm/Necr      #.........   96%         3    ####...
 Sting                    Conj/Pois      #...         67%         1    ##.....
 Corpse Rot               Necr           N/A          80%         2    ###....
 Iron Shot                Conj/Erth      #.........   100%        6    #######
 Stone Arrow              Conj/Erth      #.....       96%         3    ####...
 Shock                    Conj/Air       #...         67%         1    ##.....
 Swiftness                Chrm/Air       #.......     80%         2    ###....
 Recall                   Summ/Tloc      N/A          96%         3    ####...
 Spider Form              Tmut/Pois      #.........   96%         3    ####...
 Blade Hands              Tmut           #.........   100%        5    ######.
 Statue Form              Tmut/Erth      #........    100%        6    #######
 Ice Form                 Ice/Tmut       #.......     100%        4    #####..
 Dragon Form              Tmut           #.........   100%        7    #######
 Death Channel            Necr           #.........   100%        6    #######
 Deflect Missiles         Chrm/Air       #.........   100%        6    #######
 Airstrike                Air            #.........   100%        4    #####..
 Shadow Creatures         Summ           N/A          100%        6    #######
 Confusing Touch          Hex            #.....       67%         1    ##.....
 Flame Tongue             Conj/Fire      #....        67%         1    ##.....
 Passwall                 Tmut/Erth      #.......     80%         2    ###....
 Ignite Poison            Fire/Tmut/Pois #.......     96%         3    ####...
 Sticks to Snakes         Tmut           #.......     80%         2    ###....
 Ensorcelled Hibernation  Hex/Ice        #.....       80%         2    ###....
 Metabolic Englaciation   Hex/Ice        #.........   100%        5    ######.
 Silence                  Hex/Air        #.........   100%        5    ######.
 Static Discharge         Conj/Air       #.......     96%         3    ####...
 Alistair's Intoxication  Tmut/Pois      #.......     100%        5    ######.
 Lee's Rapid Deconstruct  Erth           #.........   100%        5    ######.
 Sandblast                Erth           #.....       67%         1    ##.....
 Simulacrum               Ice/Necr       #.........   100%        6    #######
 Petrify                  Tmut/Erth      #.......     100%        4    #####..
 Orb of Destruction       Conj           #.........   100%        7    #######
 Leda's Liquefaction      Hex/Erth       #.........   100%        4    #####..
 Summon Hydra             Summ           #.........   100%        7    #######
 Darkness                 Hex            #.........   100%        6    #######
 Inner Flame              Hex/Fire       #.......     96%         3    ####...
 Beastly Appendage        Tmut           #.....       67%         1    ##.....
 Iskenderun's Battlesphe  Conj/Chrm      #.......     100%        5    ######.
 Fulminant Prism          Conj/Hex       #.........   100%        4    #####..
 Dazzling Spray           Conj/Hex       #.....       96%         3    ####...
 Force Lance              Conj/Tloc      #.......     100%        4    #####..
 Searing Ray              Conj           #.....       80%         2    ###....
 Discord                  Hex            #.........   100%        8    #######
 Summon Forest            Summ/Tloc      #.........   100%        5    ######.
 Spellforged Servitor     Conj/Summ      #.........   100%        7    #######
 Hydra Form               Tmut           #.........   100%        6    #######
 Irradiate                Conj/Tmut      #.........   100%        5    ######.
 Gell's Gravitas          Tloc           #.........   96%         3    ####...
 Yara's Violent Unravell  Hex/Tmut       #.........   100%        5    ######.
 Poisonous Vapours        Pois/Air       #.....       80%         2    ###....
 Borgnjor's Vile Clutch   Necr/Erth      #.........   100%        5    ######.


Dungeon Overview and Level Annotations

Branches:
Dungeon (15/15)            Temple (1/1) D:7            Lair (6/6) D:10
  Swamp (4/4) Lair:4        Snake (4/4) Lair:2        Slime (0/5) Lair:5
    Orc (2/2) D:11            Elf (0/3) Orc:2        Vaults (5/5) D:13
  Crypt (0/3) Vaults:3     Depths (5/5) D:15            Zot (5/5) Depths:5

Altars:
Ashenzari
Cheibriados
Dithmenos
Elyvilon
Fedhas
Gozag
Hepliaklqana
Kikubaaqudgha
Makhleb
Nemelex Xobeh
Okawaru
Qazlal
Ru
Sif Muna
Trog
Uskayaw
Vehumet
Wu Jian
Xom
Yredelemnul
Zin
The Shining One
Jiyva
Lugonu

Shops:
D:7 *   Orc:1 ?=   Orc:2 ?*[:(   Vaults:3 [   Vaults:4 [}

Portals:
Hell: Depths:1 Depths:2 Depths:3 Depths:4 Depths:5
Abyss: Depths:2 Depths:3 Depths:4
Pandemonium: Depths:1 Depths:2 Depths:3 Depths:5
Ziggurat: Depths:3


Innate Abilities, Weirdness & Mutations

You often lose your temper in combat.
Scrolls take you much longer to read.
Armour fits poorly on your strangely shaped body.
You are dopey. (Int -2)
You are frail. (-10% HP)
Your magical capacity is very low. (-20% MP)
You are occasionally teleported next to monsters.
You are very weak. (Str -4)
Your spells are easier to cast, but less powerful.


Message History

* * * LOW HITPOINT WARNING * * *
The damnation engulfs the Hell Sentinel.
The Hell Sentinel completely resists.
You blink.
You feel slightly less full. The Hell Sentinel gestures at you.
Your +5 shield of reflection reflects the iron shot!
The iron shot hits the Hell Sentinel.
You blink.
You feel slightly less full.
You blink.
You feel slightly less full.
You blink.
You feel slightly less full. The Hell Sentinel gestures at you.
Your +5 shield of reflection reflects the iron shot!
The iron shot hits the Hell Sentinel.
The Hell Sentinel gestures at you.
Your +5 shield of reflection reflects the iron shot!
The iron shot hits the Hell Sentinel.
You feel much better. The Hell Sentinel gestures at you.
The sphere of damnation explodes!
The damnation engulfs you!
You die...

...###.####......#.............#.
##.#.............#.....#######.#.
##.#.....∩.......###+#.# #....<#.
##.#..........1..#.....# #.....#.
.................#.....# #.....#.
####.......#######.....# #.....#.
#.......# #.....# #.....#.
#.......#######1....####...##.
###.......(..@.1..#..)........
#################################
......##........##........##.....
......##........##........##.....
)....#..#......#..#......#..#....
))..#....#....#....#....#..}.#...
#..#......#..#......#..#......#..
.##........##........##........##
.##.......[##...)....##........##


You could see 2 Hell Sentinels.

Vanquished Creatures
  A seraph (Depths:5)
  5 orbs of fire
  The ghost of SnubMonkey the Slayer, a veteran GnWn of Ashenzari (Zot:1)
  Mara (Snake:4)
  6 ancient liches
  Boris (Vaults:2)
  A juggernaut (Depths:3)
  Frederick (Vaults:4)
  Saint Roka (Vaults:4)
  Vashnia (Snake:4)
  A curse toe (Zot:3)
  5 Killer Klowns
  6 golden dragons
  Nikola (Snake:4)
  The ghost of Faustar the Slayer, a veteran HaHu of Yredelemnul (Zot:1)
  the Enchantress (Depths:4)
  Jory (Depths:5)
  5 bone dragons
  3 electric golems
  16 tentacled monstrosities
  A pandemonium lord (Depths:5)
  22 Orb Guardians
  2 Ice Fiends
  A titan (Vaults:4)
  5 quicksilver dragons
  4 liches
  6 death cobs
  3 tentacled starspawn
  A sphinx (Vaults:5)
  Gastronok (Lair:3)
  8 storm dragons
  5 shadow dragons
  9 tengu reavers
  Donald (Swamp:1)
  15 draconian monks
  9 nagarajas
  The ghost of Drelon the Scorcher, a journeyman DrFE of Vehumet (Orc:2)
  5 iron dragons
  A deep elf sorcerer (Vaults:3)
  13 frost giants
  9 draconian knights
  5 draconian stormcallers
  10 vault wardens
  7 draconian scorchers
  10 fire giants
  2 ghost moths
  4 spriggan defenders
  An orc warlord (Orc:2)
  A deep elf elementalist (Depths:4)
  Aizul (Snake:4)
  7 draconian shifters
  17 very ugly things
  3 draconian annihilators
  2 angels (Depths:5)
  35 stone giants
  2 cacodemons
  2 war gargoyles (Vaults:5)
  3 entropy weavers
  21 ironheart preservers
  Nessos (D:14)
  Azrael (D:14)
  14 black draconians
  7 purple draconians
  A minotaur (Lab)
  5 deep elf demonologists
  2 vampire knights
  11 yellow draconians
  9 green draconians
  4 deep elf annihilators
  15 red draconians
  A minotaur (shapeshifter) (Vaults:5)
  6 spark wasps
  15 white draconians
  Snorg (D:12)
  2 green deaths
  A crystal guardian (Vaults:4)
  A blizzard demon (Abyss:2)
  5 deep elf death magi
  2 jiangshi (Depths:2)
  12 ettins
  10 fire dragons
  4 deep elf high priests
  14 ice dragons
  9 rakshasas
  25 vault guards
  11 hydras
  28 yaktaur captains
  12 great orbs of eyes
  15 anacondas
  3 ghost crabs (Swamp:4)
  A hell beast (Depths:5)
  5 death knights
  14 naga warriors
  9 spriggan air magi
  16 centaur warriors
  3 catoblepae (Lair:6)
  15 ogre magi
  4 dancing weapons
  43 two-headed ogres
  12 death yaks
  19 deep troll earth magi
  4 vampire magi
  14 alligators
  5 tengu warriors
  8 deep elf knights
  6 deep troll shamans
  A thrashing horror (Abyss:2)
  A hell hog (Abyss:3)
  10 shock serpents
  4 orc high priests (Orc:2)
  5 spriggan berserkers
  13 naga sharpshooters
  12 hell knights
  Sonja (D:12)
  2 soul eaters
  2 sun demons
  3 iron trolls (Depths:4)
  8 salamander mystics (Snake:4)
  15 skeletal warriors
  2 shadow demons
  6 sixfirhies
  2 shadow wraiths
  18 deep trolls
  A sea snake (shapeshifter) (D:14)
  8 naga ritualists
  9 sea snakes (Snake:4)
  A spriggan druid (Swamp:4)
  6 unseen horrors
  6 wizards
  3 glowing orange brains
  5 lindwurms
  The ghost of Necrophagist the Fighter, a novice GnWn (D:6)
  4 phantasmal warriors
  A spectral hydra (Swamp:4)
  13 deep elf archers
  2 swamp dragons
  2 flayed ghosts
  A harpy (shapeshifter) (Depths:3)
  2 shambling mangroves
  A swamp dragon (shapeshifter) (Vaults:3)
  10 harpies
  A necromancer (Depths:5)
  11 ironbrand convokers
  16 deep elf magi
  9 orc sorcerers
  2 tengu skeletons (Vaults:3)
  Pikel (D:7)
  15 orc knights
  A wolf spider (shapeshifter) (Vaults:5)
  4 oklob plants (Lair:3)
  4 wolf spiders
  25 mana vipers
  6 cyclopes
  An iron dragon zombie (Depths:5)
  37 ugly things
  6 manticores
  7 salamanders
  A moth of wrath (shapeshifter) (Vaults:5)
  6 elephants
  A frost giant skeleton (Vaults:3)
  Maurice (Orc:2)
  31 moths of wrath
  30 black mambas
  An apocalypse crab (Abyss:2)
  A stone giant skeleton (Vaults:3)
  An eye of devastation (shapeshifter) (Depths:5)
  A guardian serpent (shapeshifter) (Depths:3)
  3 rust devils
  17 naga magi
  2 smoke demons
  A water nymph (shapeshifter) (D:13)
  3 black mambas (shapeshifter)
  8 guardian serpents
  Psyche (D:9)
  17 vault sentinels
  2 orange demons
  A spiny frog (shapeshifter) (Vaults:5)
  A hellion (Abyss:3)
  2 rime drakes (Lair:6)
  4 swamp worm zombies (Swamp:4)
  17 spiny frogs
  A kobold demonologist (D:14)
  58 yaktaurs
  13 komodo dragons
  A yaktaur skeleton (Vaults:3)
  5 freezing wraiths
  A komodo dragon (shapeshifter) (Depths:2)
  An ice devil (Depths:5)
  2 ancient zymes (Abyss:2)
  5 red devils
  5 human skeletons (Vaults:3)
  3 tengu conjurers
  2 hellwings
  20 hornets
  A meliai (shapeshifter) (Depths:3)
  2 polar bears (D:15)
  4 hydra zombies (Swamp:4)
  4 trolls
  Prince Ribbit (D:8)
  2 hornets (shapeshifter)
  A raiju (shapeshifter) (Depths:3)
  A harpy skeleton (D:14)
  56 slime creatures
  A blink frog (shapeshifter) (Vaults:1)
  14 tyrant leeches
  2 alligator zombies (Swamp:4)
  10 bog bodies
  6 spectral swamp dragons (Swamp:4)
  5 dream sheep (Lair:6)
  A dream sheep (shapeshifter) (Vaults:4)
  An ettin zombie (Abyss:2)
  9 hippogriffs
  15 blink frogs
  A human simulacrum (Vaults:3)
  6 large abominations
  7 redbacks
  4 shadows
  2 tarantellas
  4 wraiths
  A spriggan (shapeshifter) (Vaults:4)
  2 wyverns
  75 yaks
  A vampire (D:15)
  11 spriggans
  3 fire elementals (D:14)
  4 ynoxinuls
  A hog (shapeshifter) (Depths:5)
  A yak (shapeshifter) (Vaults:1)
  A tarantella (shapeshifter) (Vaults:1)
  5 basilisks
  A water elemental (D:13)
  2 fire bats (Orc:1)
  4 chaos spawn
  3 hungry ghosts
  20 vampire mosquitoes
  3 neqoxecs
  6 wargs
  7 insubstantial wisps (Swamp:4)
  A swamp worm (shapeshifter) (Vaults:4)
  34 nagas
  A floating eye (Depths:3)
  7 porcupines
  2 small abominations
  15 swamp worms
  8 water moccasins
  A soldier ant (shapeshifter) (Depths:2)
  5 hell hounds (D:14)
  7 swamp drakes
  51 orc warriors
  4 sky beasts
  2 black bears
  9 ice beasts
  3 swamp dragon zombies (Swamp:4)
  2 eyes of draining
  11 phantoms
  13 boggarts
  10 wolves (Lair:2)
  2 necrophages
  37 ogres
  A wolf (shapeshifter) (Depths:4)
  An elf skeleton (Vaults:3)
  27 centaurs
  A crocodile (shapeshifter) (Vaults:2)
  19 crocodiles
  3 big kobolds
  2 wyvern zombies
  21 bullfrogs
  A water moccasin zombie (D:9)
  2 scorpions
  A wyvern skeleton (D:14)
  A water moccasin skeleton (D:12)
  A snapping turtle simulacrum (Abyss:2)
  20 killer bees
  2 spriggan skeletons (Lab)
  7 wights
  5 electric eels
  8 howler monkeys
  7 crimson imps
  A yaktaur simulacrum (Vaults:1)
  12 hounds
  A quasit (Zot:1)
  15 orc priests
  26 starcursed masses (Abyss:2)
  3 jellies
  4 centaur zombies
  Crazy Yiuf (D:3)
  7 centaur skeletons
  An iron imp (D:8)
  3 bullfrog skeletons
  4 iguanas
  46 orc wizards
  A spectral swamp drake (Swamp:4)
  11 worker ants
  A killer bee zombie (D:9)
  A hound skeleton (D:11)
  Robin (D:2)
  11 gnolls
  A worker ant zombie (D:11)
  14 adders
  4 shadow imps
  An ooze (D:1)
  3 adder zombies
  2 adder skeletons
  5 worms
  A dart slug (D:1)
  8 leopard geckos
  118 orcs
  5 giant cockroaches
  17 goblins
  11 hobgoblins
  6 jackals
  2 quokkas
  6 bats
  7 frilled lizards
  17 kobolds
  2 quokka zombies
  9 rats
  12 fungi
  A lurking horror (Abyss:2)
  9 plants
  2 starspawn tentacles (Abyss:2)
2415 creatures vanquished.

Vanquished Creatures (others)
  A shadow dragon (Zot:5)
  A tengu reaver (Vaults:5)
  A ghost moth (Zot:3)
  A vault warden (Vaults:5)
  A draconian knight (Zot:1)
  A stone giant (Depths:2)
  2 very ugly things
  A great orb of eyes (Vaults:5)
  A vault guard (Vaults:5)
  4 yaktaur captains
  3 centaur warriors
  4 naga sharpshooters
  A shadow wraith (Vaults:3)
  2 deep elf archers
  An ugly thing (Vaults:5)
  A deep elf mage (Vaults:2)
  A salamander (Snake:4)
  3 moths of wrath (Zot:5)
  8 yaktaurs
  A hornet (Swamp:4)
  A wraith (Vaults:1)
  2 ogres
  5 centaurs
  3 fungi
  A lurking horror (Abyss:3)
  25 plants
  6 starspawn tentacles
  A withered plant (Zot:1)
83 creatures vanquished.

Grand Total: 2498 creatures vanquished

Notes
Turn   | Place    | Note
-------+----------+-------------------------------------------
     0 | D:1      | psixmax the Hill Orc Fighter began the quest for the Orb.
     0 | D:1      | Reached XP level 1. HP: 19/19 MP: 1/1
   126 | D:1      | Reached XP level 2. HP: 25/27 MP: 2/2
   718 | D:1      | Reached XP level 3. HP: 33/33 MP: 3/3
  1091 | D:2      | Found an opulent altar of Gozag.
  1183 | D:2      | Noticed Robin
  1214 | D:2      | Killed Robin
  1214 | D:2      | Reached XP level 4. HP: 15/40 MP: 4/4
  1833 | D:3      | Found a shattered altar of Ashenzari.
  1925 | D:3      | Noticed a phantom
  1954 | D:3      | Killed a phantom
  1954 | D:3      | Reached skill level 5 in Axes
  1954 | D:3      | Reached XP level 5. HP: 31/47 MP: 5/5
  2277 | D:3      | Found a stormy altar of Qazlal.
  2483 | D:3      | Reached XP level 6. HP: 41/55 MP: 6/6
  2825 | D:3      | Found a runed door.
  2985 | D:3      | Noticed Crazy Yiuf
  2991 | D:3      | Killed Crazy Yiuf
  2991 | D:3      | Reached skill level 5 in Fighting
  3309 | D:4      | Reached XP level 7. HP: 57/61 MP: 7/7
  3971 | D:4      | Found an ornate altar of the Wu Jian Council.
  4496 | D:4      | Reached skill level 5 in Shields
  4705 | D:5      | Entered Level 5 of the Dungeon
  4755 | D:5      | Reached skill level 5 in Armour
  4922 | D:5      | Reached XP level 8. HP: 62/70 MP: 8/8
  5889 | D:6      | Found a runed door.
  5890 | D:6      | Noticed Necrophagist's ghost (novice GnWn)
  5909 | D:6      | Killed Necrophagist's ghost
  5909 | D:6      | Reached skill level 10 in Axes
  5909 | D:6      | Reached XP level 9. HP: 57/79 MP: 9/9
  5930 | D:6      | Found a runed door.
  6176 | D:6      | Found a shadowy altar of Dithmenos.
  6325 | D:6      | Found a glowing silver altar of Zin.
  6735 | D:7      | Found Naymakh's General Store.
  7009 | D:7      | Noticed a hornet
  7014 | D:7      | Paralysed by a hornet for 2 turns
  7019 | D:7      | Killed a hornet
  7019 | D:7      | Reached XP level 10. HP: 53/88 MP: 10/10
  7670 | D:7      | Found a staircase to the Ecumenical Temple.
  7697 | Temple   | Entered the Ecumenical Temple
  7933 | Temple   | Became a worshipper of Warmaster Okawaru
  7983 | D:7      | Noticed Pikel
  7991 | D:7      | Killed Pikel
  8026 | D:8      | Noticed Prince Ribbit
  8037 | D:8      | Killed Prince Ribbit
  8078 | D:8      | Found a snail-covered altar of Cheibriados.
  8266 | D:8      | Found a bloodstained altar of Trog.
  8494 | D:8      | Noticed a deep elf mage
  8502 | D:8      | Killed a deep elf mage
  8502 | D:8      | Reached * piety under Okawaru
  8502 | D:8      | Reached skill level 1 in Invocations
  9021 | D:9      | Found a radiant altar of Vehumet.
  9187 | D:9      | Noticed a two-headed ogre
  9251 | D:10     | Entered Level 10 of the Dungeon
  9258 | D:10     | Reached ** piety under Okawaru
  9392 | D:9      | Killed a two-headed ogre
  9392 | D:9      | Reached XP level 11. HP: 68/97 MP: 9/13
  9875 | D:9      | Noticed Psyche
  9881 | D:9      | Killed Psyche
  9920 | D:9      | Reached *** piety under Okawaru
 10236 | D:10     | Found a staircase to the Lair.
 10383 | D:10     | Reached skill level 10 in Fighting
 10386 | D:10     | Reached skill level 5 in Invocations
 10446 | D:10     | Got a glittering jade amulet
 10455 | D:10     | Reached **** piety under Okawaru
 10465 | D:10     | Found a white marble altar of Elyvilon.
 10537 | D:10     | Killed an unseen horror
 11388 | D:11     | Noticed a cyclops
 11398 | D:11     | Killed a cyclops
 11444 | D:11     | Reached XP level 12. HP: 97/107 MP: 16/16
 11450 | D:11     | Noticed a two-headed ogre
 11463 | D:11     | Killed a two-headed ogre
 11463 | D:11     | Reached ***** piety under Okawaru
 11667 | D:11     | Found the +5 scythe "Finisher" {speed, Str+3}
 11801 | D:11     | Found a staircase to the Orcish Mines.
 11991 | D:7      | Bought a +1 cloak of poison resistance for 175 gold pieces
 12037 | D:7      | Identified the amulet "Wiryz" {rF+ Regen+} (You found it on level 10 of the Dungeon)
 12148 | Lair:1   | Entered Level 1 of the Lair of Beasts
 12241 | Lair:1   | Reached skill level 15 in Axes
 12300 | Lair:1   | Reached skill level 10 in Shields
 12632 | Lair:1   | Reached skill level 10 in Armour
 12636 | Lair:1   | Received a gift from Okawaru
 13108 | Lair:2   | Found a staircase to the Snake Pit.
 13863 | Snake:1  | Entered Level 1 of the Snake Pit
 13874 | Lair:3   | Noticed a death yak
 13874 | Lair:3   | Noticed a death yak
 13874 | Lair:3   | Noticed a death yak
 13874 | Lair:3   | Noticed a death yak
 13874 | Lair:3   | Noticed a death yak
 13874 | Lair:3   | Noticed a death yak
 13883 | Lair:3   | Killed a death yak
 13886 | Lair:3   | Killed a death yak
 13886 | Lair:3   | Reached ****** piety under Okawaru
 13886 | Lair:3   | Reached XP level 13. HP: 89/116 MP: 11/19
 13890 | Lair:3   | Received a gift from Okawaru
 14142 | Lair:3   | Got a glittering platinum ring
 14143 | Lair:3   | Identified the ring of Attitude {*Drain +Blink +Fly rN+ Dex+4} (You found it on level 3 of the Lair of Beasts)
 14587 | Lair:3   | Noticed Gastronok
 14604 | Lair:3   | Killed Gastronok
 14663 | Lair:3   | Got a pitted granite ring
 14671 | Lair:3   | Identified the cursed ring "Huzoydd" {rC- Str-2 Dex+4} (You found it on level 3 of the Lair of Beasts)
 15055 | Lair:3   | Received a gift from Okawaru
 15097 | Lair:3   | Got a bronze plate armour {god gift}
 15188 | Lair:3   | Identified the +8 plate armour of Divine Compulsion {rF+ rC+ Int+3 SInv} (Okawaru gifted it to you on level 3 of the Lair of Beasts)
 15190 | Lair:3   | Got a coiled amber ring
 15229 | Lair:3   | Identified the ring "Ymilao" {Ice MR- Str+3 Dex+4} (You found it on level 3 of the Lair of Beasts)
 15691 | Lair:4   | Found a staircase to the Swamp.
 15953 | Lair:4   | You fall through a shaft for 2 floors!
 15953 | Lair:6   | Entered Level 6 of the Lair of Beasts
 16081 | Lair:5   | Reached XP level 14. HP: 127/127 MP: 20/20
 16542 | Lair:5   | Identified a scroll of acquirement
 16589 | Lair:5   | Found a staircase to the Slime Pits.
 16589 | Lair:5   | Found a viscous altar of Jiyva.
 17696 | Lair:6   | Received a gift from Okawaru
 17704 | Lair:6   | Got a scorched battleaxe {god gift}
 17710 | Lair:6   | Identified the +1 battleaxe "Lirchiq" {freeze, rN+} (Okawaru gifted it to you on level 6 of the Lair of Beasts)
 18774 | D:12     | Noticed Sonja
 18781 | D:12     | Killed Sonja
 18813 | D:12     | Noticed Snorg
 18831 | D:12     | Killed Snorg
 18831 | D:12     | Reached XP level 15. HP: 110/138 MP: 21/21
 19003 | Orc:1    | Entered Level 1 of the Orcish Mines
 19003 | Orc:1    | Found Tofiff's Magic Scroll Shoppe.
 19009 | Orc:1    | Bought a scroll of magic mapping for 52 gold pieces
 19242 | Orc:1    | Found Uceag's Jewellery Shop.
 19537 | Orc:2    | Entered Level 2 of the Orcish Mines
 19710 | Orc:2    | Found Xiqum's Magic Scroll Shop.
 19753 | Orc:2    | Noticed an orc warlord
 19830 | Orc:2    | Killed an orc warlord
 19841 | Orc:2    | Received a gift from Okawaru
 19844 | Orc:2    | Got a faintly glowing buckler {god gift}
 19883 | Orc:2    | Identified the +0 buckler of Idamakk {MR+ Str+3} (Okawaru gifted it to you on level 2 of the Orcish Mines)
 19921 | Orc:2    | Found a staircase to the Elven Halls.
 19991 | Orc:2    | Noticed Maurice
 20001 | Orc:2    | Noticed Drelon's ghost (journeyman DrFE)
 20002 | Orc:2    | Found a runed gate.
 20002 | Orc:2    | Found a runed gate.
 20002 | Orc:2    | Found a runed gate.
 20081 | Orc:2    | Killed Drelon's ghost
 20313 | Orc:2    | Bought a scroll of enchant weapon for 112 gold pieces
 20313 | Orc:2    | Bought a scroll of identify for 30 gold pieces
 20313 | Orc:2    | Bought a scroll of identify for 30 gold pieces
 20444 | Orc:2    | Found Pacutune's Antique Armour Boutique.
 20445 | Orc:2    | Found Ybita's Antique Weapon Shop.
 20447 | Orc:2    | Found Pits's General Store.
 20447 | Orc:2    | Found Vularoff's Book Boutique.
 20463 | Orc:2    | Bought a potion of berserk rage for 60 gold pieces
 20478 | Orc:2    | Bought a pair of glowing gloves for 232 gold pieces
 20956 | Orc:2    | Killed Maurice
 21367 | Swamp:1  | Entered Level 1 of the Swamp
 21379 | Swamp:1  | Reached skill level 15 in Fighting
 21425 | Swamp:1  | Noticed Donald
 21441 | Swamp:1  | Killed Donald
 22392 | Swamp:2  | Received a gift from Okawaru
 23077 | Swamp:3  | Reached XP level 16. HP: 147/150 MP: 19/22
 23962 | Swamp:4  | Entered Level 4 of the Swamp
 23971 | Swamp:4  | Received a gift from Okawaru
 23977 | Swamp:4  | Got a crystal broad axe {god gift}
 23983 | Swamp:3  | Identified the +8 broad axe of Obeut {vamp, rC+++ Str+4 Int-4} (Okawaru gifted it to you on level 4 of the Swamp)
 24883 | Swamp:4  | Reached skill level 15 in Shields
 24936 | Swamp:4  | Reached skill level 15 in Armour
 25758 | Swamp:4  | Received a gift from Okawaru
 26265 | Swamp:4  | Noticed a bone dragon
 26289 | Swamp:4  | Killed a bone dragon
 26405 | Swamp:4  | Got a decaying rune of Zot
 26785 | Snake:1  | Reached XP level 17. HP: 159/159 MP: 23/23
 27381 | Snake:2  | Received a gift from Okawaru
 27384 | Snake:2  | Got a polished broad axe {god gift}
 27386 | Snake:2  | Identified the +7 broad axe of Gin and Tonic {chop, rElec Stlth+} (Okawaru gifted it to you on level 2 of the Snake Pit)
 28565 | Snake:4  | Entered Level 4 of the Snake Pit
 28683 | Snake:4  | Noticed Nikola
 28716 | Snake:4  | Killed Nikola
 28740 | Snake:4  | Noticed Aizul
 28783 | Snake:4  | Killed Aizul
 28788 | Snake:4  | Received a gift from Okawaru
 28789 | Snake:4  | Found the +8 Wrath of Trog {antimagic, *Rage}
 28896 | Snake:4  | Reached XP level 18. HP: 176/176 MP: 22/24
 28954 | Snake:4  | Noticed Mara
 29011 | Snake:4  | Noticed Vashnia
 29086 | Snake:4  | Killed Vashnia
 29097 | Snake:4  | Received a gift from Okawaru
 29317 | Snake:4  | Noticed psixmax's illusion
 29544 | Snake:4  | Killed Mara
 29694 | Snake:4  | Received a gift from Okawaru
 30179 | Snake:4  | Received a gift from Okawaru
 30220 | Snake:4  | Reached XP level 19. HP: 187/188 MP: 7/25
 30301 | Snake:4  | Got a serpentine rune of Zot
 30744 | D:13     | Found a labyrinth entrance.
 30758 | Lab      | Entered a labyrinth
 31629 | Lab      | Got a scintillating brass ring
 31680 | D:13     | Identified the ring "Gadwuull" {Fire rN+ MR- Dex+8 Slay+5} (You took it off a minotaur in a labyrinth)
 31883 | D:13     | Found a gate to the Vaults.
 31897 | D:13     | Received a gift from Okawaru
 32653 | D:14     | Found a basalt altar of Yredelemnul.
 32681 | D:14     | Noticed Azrael
 32700 | D:14     | Killed Azrael
 32740 | D:14     | Found a shimmering altar of Xom.
 32953 | D:14     | Noticed Nessos
 32959 | D:14     | Killed Nessos
 33317 | D:15     | Entered Level 15 of the Dungeon
 33340 | D:15     | Found a bloodstained altar of Trog.
 33661 | D:15     | Found a staircase to the Depths.
 34068 | Depths:1 | Entered Level 1 of the Depths
 34130 | Depths:1 | Found a one-way gate leading to the halls of Pandemonium.
 34175 | Depths:1 | Received a gift from Okawaru
 34287 | Vaults:1 | Entered Level 1 of the Vaults
 34362 | Vaults:1 | Reached XP level 20. HP: 202/202 MP: 24/26
 35645 | Vaults:1 | Received a gift from Okawaru
 36499 | Vaults:2 | Noticed Boris
 36513 | Vaults:2 | Killed Boris
 36948 | Vaults:2 | Received a gift from Okawaru
 37168 | Vaults:2 | Reached XP level 21. HP: 212/212 MP: 27/27
 37907 | Vaults:3 | Found Ubittokh's Antique Armour Emporium.
 38042 | Vaults:3 | Bought a pair of fine gloves for 427 gold pieces
 38052 | Vaults:3 | Identified the +0 pair of gloves "Pilul" {Regen+} (You bought it in a shop on level 3 of the Vaults)
 38325 | Vaults:3 | Found a staircase to the Crypt.
 38752 | Vaults:4 | Found Iwiqairr's Armour Shop.
 38761 | Vaults:4 | Noticed Saint Roka
 38790 | Vaults:4 | Killed Saint Roka
 38790 | Vaults:4 | Received a gift from Okawaru
 39381 | Vaults:4 | Reached XP level 22. HP: 148/224 MP: 28/28
 39401 | Vaults:4 | Received a gift from Okawaru
 39576 | Vaults:4 | Noticed Frederick
 39587 | Vaults:4 | Killed Frederick
 39650 | Vaults:4 | Found Nearghesk's Gadget Boutique.
 40453 | Depths:1 | Received a gift from Okawaru
 40641 | Depths:1 | Found an iron altar of Okawaru.
 40976 | Orc:1    | Bought a scroll of magic mapping for 52 gold pieces
 40976 | Orc:1    | Bought a scroll of enchant armour for 112 gold pieces
 40976 | Orc:1    | Bought a scroll of enchant armour for 112 gold pieces
 41268 | Depths:1 | Found a gateway to Hell.
 42608 | Depths:2 | Received a gift from Okawaru
 42947 | Depths:2 | Cast into level 2 of the Abyss (a deep elf demonologist)
 42956 | Abyss:2  | Found a corrupted altar of Lugonu.
 43162 | Abyss:2  | Reached XP level 23. HP: 104/236 MP: 29/29
 43510 | Abyss:3  | Gained mutation: You are frail. (-10% HP) [a neqoxec]
 43544 | Abyss:3  | Received a gift from Okawaru
 43556 | Depths:2 | Escaped the Abyss
 43798 | Depths:2 | Found a one-way gate to the infinite horrors of the Abyss.
 43998 | Depths:3 | Found a gateway to a ziggurat.
 44528 | Depths:3 | Noticed a juggernaut
 44690 | Depths:3 | Killed a juggernaut
 45389 | Depths:4 | Received a gift from Okawaru
 45543 | Depths:4 | Reached skill level 1 in Dodging
 45607 | Depths:4 | Reached skill level 27 in Fighting
 45607 | Depths:4 | Reached XP level 24. HP: 208/224 MP: 22/29
 45932 | Depths:4 | Reached skill level 1 in Evocations
 46051 | Depths:4 | Noticed the Enchantress
 46095 | Depths:4 | Killed the Enchantress
 46297 | Depths:4 | Reached skill level 5 in Evocations
 46705 | Depths:4 | Found a corrupted altar of Lugonu.
 46940 | Depths:4 | Got faerie dragon scales
 46941 | Depths:4 | Identified the +2 faerie dragon scales {rCorr Int+7} (You took it off the Enchantress on level 4 of the Depths)
 46999 | Depths:5 | Entered Level 5 of the Depths
 47247 | Depths:5 | Received a gift from Okawaru
 47523 | Depths:5 | Reached skill level 5 in Dodging
 47555 | Depths:5 | Noticed Jory
 47577 | Depths:5 | Killed Jory
 47900 | Depths:5 | Received a gift from Okawaru
 47903 | Depths:5 | Got a jewelled broad axe {god gift}
 47904 | Depths:5 | Identified the +1 broad axe of Okawaru's Approval {drain, rC- Dex+3} (Okawaru gifted it to you on level 5 of the Depths)
 48070 | Depths:5 | Found a gate to the Realm of Zot.
 48548 | Vaults:5 | Entered Level 5 of the Vaults
 48559 | Vaults:5 | Reached XP level 25. HP: 231/231 MP: 23/29
 48611 | Vaults:5 | Received a gift from Okawaru
 48680 | Vaults:5 | Noticed an ancient lich
 48705 | Vaults:5 | Killed an ancient lich
 48705 | Vaults:5 | Reached skill level 10 in Evocations
 48728 | Vaults:5 | Received a gift from Okawaru
 48950 | Vaults:5 | Noticed an ancient lich
 48971 | Vaults:5 | Killed an ancient lich
 49162 | Vaults:5 | Reached skill level 27 in Armour
 49238 | Vaults:5 | Reached XP level 26. HP: 229/239 MP: 31/31
 49280 | Vaults:5 | Got a faintly glowing emerald amulet
 49312 | Vaults:5 | Got a serpentine copper ring
 49482 | Vaults:5 | Got a pair of crude boots
 49500 | Vaults:5 | Identified the +2 pair of boots "Achuan" {rPois Dex+5} (You found it on level 5 of the Vaults)
 49652 | Vaults:5 | Got a silver rune of Zot
 49659 | Vaults:5 | Identified the Incunabulum of Poisoning
 49893 | Vaults:5 | Reached skill level 10 in Dodging
 50126 | Vaults:5 | Identified the amulet of Hib Axzi {Spirit Str+7 Stlth+} (You took it off a deep elf demonologist on level 5 of the Vaults)
 50128 | Vaults:5 | Identified the cursed ring of Satiagad {rF++ Dex+4 Slay-3} (You took it off an ironheart preserver on level 5 of the Vaults)
 50499 | Zot:1    | Entered Level 1 of the Realm of Zot
 50522 | Zot:1    | Received a gift from Okawaru
 51252 | Zot:1    | Noticed an orb of fire
 51270 | Zot:1    | Gained mutation: You are dopey. (Int -2) [an orb of fire]
 51275 | Zot:1    | Gained mutation: You tend to lose your temper in combat. [an orb of fire]
 51279 | Zot:1    | Gained mutation: You are weak. (Str -2) [an orb of fire]
 51283 | Zot:1    | Gained mutation: Your magical capacity is low. (-10% MP) [an orb of fire]
 51287 | Zot:1    | Killed an orb of fire
 51380 | Zot:1    | Received a gift from Okawaru
 51618 | Zot:1    | Found a runed gate.
 51618 | Zot:1    | Found a runed gate.
 51618 | Zot:1    | Found a runed gate.
 51618 | Zot:1    | Noticed SnubMonkey's ghost (veteran GnWn)
 51619 | Zot:1    | Noticed Faustar's ghost (veteran HaHu)
 51661 | Zot:1    | Killed Faustar's ghost
 51661 | Zot:1    | Reached XP level 27. HP: 225/245 MP: 25/30
 51674 | Zot:1    | Killed SnubMonkey's ghost
 51802 | Zot:2    | Received a gift from Okawaru
 51824 | Zot:2    | Reached skill level 15 in Evocations
 52430 | Zot:3    | Noticed an orb of fire
 52437 | Zot:3    | Gained mutation: Scrolls take you a little longer to read. [an orb of fire]
 52455 | Zot:3    | Killed an orb of fire
 52520 | Zot:3    | Found a transporter.
 52759 | Zot:3    | Found a transporter.
 52770 | Zot:3    | Got a steaming turquoise ring
 52784 | Zot:3    | Identified the ring of Symmetry {Wiz Str+4 Dex+3 Stlth+} (You found it on level 3 of the Realm of Zot)
 53190 | Zot:4    | Received a gift from Okawaru
 53233 | Zot:4    | Got a pitted war axe {god gift}
 53237 | Zot:4    | Identified the +0 war axe of Dim Light {antimagic, rN+ Str+5 Dex+6} (Okawaru gifted it to you on level 4 of the Realm of Zot)
 53449 | Zot:4    | Found a stormy altar of Qazlal.
 53449 | Zot:4    | Noticed an ancient lich
 53464 | Zot:4    | Killed an ancient lich
 53515 | Zot:5    | Entered Level 5 of the Realm of Zot
 53646 | Zot:5    | Received a gift from Okawaru
 53665 | Zot:5    | Reached skill level 15 in Dodging
 53802 | Zot:5    | Noticed an ancient lich
 53818 | Zot:5    | Killed an ancient lich
 53821 | Zot:5    | Noticed an ancient lich
 53824 | Zot:5    | Noticed an orb of fire
 53834 | Zot:5    | Killed an ancient lich
 53834 | Zot:5    | Received a gift from Okawaru
 53838 | Zot:5    | Gained mutation: Scrolls take you longer to read. [an orb of fire]
 53847 | Zot:5    | Gained mutation: Your magical capacity is very low. (-20% MP) [an orb of fire]
 53849 | Zot:5    | Gained mutation: You often lose your temper in combat. [an orb of fire]
 53854 | Zot:5    | Gained mutation: Armour fits poorly on your strangely shaped body. [an orb of fire]
 53856 | Zot:5    | Gained mutation: You are very weak. (Str -4) [an orb of fire]
 53858 | Zot:5    | Killed an orb of fire
 53862 | Zot:5    | Noticed an ancient lich
 53875 | Zot:5    | Killed an ancient lich
 53964 | Zot:5    | Noticed an orb of fire
 53979 | Zot:5    | Gained mutation: Scrolls take you much longer to read. [an orb of fire]
 53985 | Zot:5    | Gained mutation: Your spells are a little easier to cast, but a little less powerful. [an orb of fire]
 54006 | Zot:5    | Killed an orb of fire
 54341 | Zot:5    | Noticed an orb of fire
 54357 | Zot:5    | Gained mutation: Your spells are easier to cast, but less powerful. [an orb of fire]
 54368 | Zot:5    | Killed an orb of fire
 54854 | Zot:5    | Got the Orb of Zot
 54867 | Zot:5    | Noticed Miymaqug the pandemonium lord
 54974 | Zot:4    | Gained mutation: You are occasionally teleported next to monsters. [a neqoxec]
 55045 | Zot:3    | Received a gift from Okawaru
 55470 | Depths:5 | Noticed Zofich the pandemonium lord
 55476 | Depths:5 | Noticed a seraph
 55497 | Depths:5 | Killed a seraph
 55512 | Depths:5 | Noticed Quhoile the pandemonium lord
 55531 | Depths:5 | Killed Zofich the pandemonium lord
 55538 | Depths:5 | Noticed Leogow the pandemonium lord
 55734 | Depths:3 | Killed from afar by a Hell Sentinel

Vault maps used:
D:1:      tarquinn_simple_flora_water_a
D:2:      nicolae_overflow_hidden_temple, uniq_robin
D:3:      lemuel_coloured_pillars_altar, ashenzari_altar_1,
          uniq_crazy_yiuf_cottage
D:4:      kennysheep_goblin_castle, kennysheep_mini, minmay_gold_behind_fungi
D:5:      first_ration
D:6:      grunt_temple_overflow_open, ebering_ghost_sewer_f
D:7:      minmay_temple_entry_nine_rooms, serial_glass, glass_columns_c,
          glass_columns_a, glass_columns_a, glass_columns_a, glass_columns_a,
          glass_columns_b, glass_columns_c, glass_columns_c, glass_columns_a,
          glass_columns_a, serial_shops, shop_fountains, the_bakery,
          hangedman_decor_push, uniq_pikel
D:8:      kennysheep_little_box, slow_altar_1, guppyfry_early_elven_hall,
          uniq_prince_ribbit1
D:9:      basic_altar, uniq_psyche
D:10:     david_lair_generic, elyvilon_altar_5
D:11:     orc_0_dummy, minmay_guarded_unrand_finisher
D:12:     uniq_sonja, uniq_snorg
D:13:     david_vaults_2, lab_entry_generic, nooodl_food_tri
D:14:     basic_altar, minmay_misc_feat_room, yredelemnul_altar_generic,
          uniq_nessos, uniq_azrael
D:15:     grunt_enter_depths_hoard, trog_ov_bears_minmay
Temple:   regret_index_temple_generic_petals
Lair:1:   grunt_megastairs_3
Lair:2:   guppyfry_snake_entry_island
Lair:3:   infiniplex_staircase_pool, minmay_lair_oklob_chamber, uniq_gastronok
Lair:4:   minmay_swamp_entry_worms
Lair:5:   slime_altar_1
Lair:6:   evilmike_catoblepas_cave, grunt_forest_stairs_basic
Swamp:1:  wheals_swamp_sinkhole, uniq_donald
Swamp:2:  hangedman_swamp_pad
Swamp:3:  hangedman_swamp_diagram
Swamp:4:  swamp_pestilence
Snake:4:  snake_pit_salamanders_mu, serial_bayou_lake_a, serial_bayou_shore_a,
          uniq_nikola, uniq_mara, uniq_aizul, uniq_vashnia
Orc:1:    serial_shops, shop, shop, nicolae_orc_lava_tube, mines4_lemuel
Orc:2:    st_orc_congregation, serial_shops, shop_coins, gammafunk_ghost_split,
          uniq_maurice
Vaults:1: nicolae_vaults_alarming, nicolae_vaults_stairing_the_circle,
          ontoclasm_vaults_misaligned, hangedman_vaults_stagger,
          ontoclasm_vaults_ligature, v_misc_22, ontoclasm_vaults_ring_square,
          hangedman_vaults_corner_blocks, v_alt_pattern_3,
          dpeg_vaults_monster_box, grunt_vaults_funnel
Vaults:2: nicolae_vaults_hallways_thing, hangedman_vaults_slither, v_rooms_5,
          v_misc_26, v_misc_24, mu_enter_wizlab_1, uniq_boris
Vaults:3: v_misc_18, v_rooms_4, minmay_crypt_entry_skeletal_spiral,
          nicolae_vaults_fighting_squares, vaults_mumra_hex, v_misc_27,
          vaults_dpeg_ring, v_misc_31, vaults_room_hallway,
          ontoclasm_vaults_loading_screen, nicolae_vaults_diagonal_hallway_6,
          v_misc_9, ontoclasm_vaults_loading_screen, vaults_dpeg_cross,
          serial_shops, shop
Vaults:4: nicolae_vaults_network_star, v_rooms_3,
          hangedman_vaults_hard_town_square, nicolae_vaults_little_squares_1,
          v_misc_8, nicolae_vaults_diagonal_hallway_6, v_pattern_5,
          hangedman_vaults_hat, v_misc_15, ontoclasm_vaults_spin,
          ontoclasm_vaults_ring_small, vaults_dpeg_hooks, serial_shops, shop,
          shop, uniq_frederick, uniq_saint_roka
Depths:1: rand_demon_pan_entry_3, hell_entry, okawaru_ov_weapons_minmay,
          kennysheep_small_square
Depths:2: minmay_bloctagon, abyss_entry, hangedman_geh_valley, pan_entry,
          wad_floor_pattern_untrapped, infiniplex_staircase_trident
Depths:3: minmay_big_diamond_grid, enter_ziggurat_c, rand_demon_pan_entry_5,
          minmay_misc_feat_encased, abyss_entry, pf_coc_iceberg
Depths:4: grunt_deathspiral_small, kennysheep_cross_bottleneck, hell_entry,
          abyss_entry_flame_altar, infiniplex_staircase_star, uniq_enchantress
Depths:5: grunt_zot_entry_hairpin, grunt_mini_vestibule, solitary_fountain,
          rand_demon_pan_entry_7, serial_bayou_shore_b, uniq_jory
Zot:1:    grunt_zot_stairs_mandelzot, gammafunk_ghost_cemetery,
          guppyfry_library_mini
Zot:3:    gammafunk_the_bubble, grunt_ministairs_10, stair_cage_line,
          st_stairs_11
Zot:4:    regret_index_qazlal_generations
Zot:5:    st_stairs_11, lemuel_flame_loot_1
Abyss:3:  evilmike_nicolae_abyss_rune_betentacled_crabyss
Lab:      labyrinth_watery, nicolae_lab_dead_end, nicolae_lab_quarters,
          lab_fountain

Skill      XL: |  1  2  3  4  5  6  7  8  9 10 11 12 13 14 15 16 17 18 19 20 21 22 23 24 25 26 27 |
---------------+----------------------------------------------------------------------------------+-----
Axes           | 3 4 5 6 7 10 11 13 14 16 17 18 20 | 20.0
Fighting       | 4 5 7 8 9 10 11 12 14 15 17 19 20 22 23 24 25 27 | 27.0
Armour         | 4 5 6 7 8 9 10 11 13 14 16 18 19 20 22 24 25 27 | 27.0
Shields        | 4 5 6 7 8 9 10 11 13 14 15 | 15.0
Invocations    | 3 6 8 9 |  9.0
Dodging        | 2 6 8 12 17 | 17.0
Evocations     | 8 11 14 20 | 20.0

Action                   |  1- 3 |  4- 6 |  7- 9 | 10-12 | 13-15 | 16-18 | 19-21 | 22-24 | 25-27 || total
-------------------------+-------+-------+-------+-------+-------+-------+-------+-------+-------++-------
Melee: War axe           |   103 |   202 |   262 |   633 |   268 |    33 |       |       |       ||  1501
       Hand axe          |       |    10 |       |       |       |       |       |       |       ||    10
       Broad axe         |       |       |       |       |   745 |  1290 |  1591 |  1583 |  1887 ||  7096
Throw: Tomahawk          |       |       |     3 |    16 |     1 |       |       |       |       ||    20
Invok: Heroism           |       |       |       |    14 |    34 |    39 |    33 |    35 |    17 ||   172
       Finesse           |       |       |       |     1 |    10 |     5 |     1 |     9 |     7 ||    33
 Abil: Evoke Blink       |       |       |       |       |     1 |       |       |     4 |    10 ||    15
Evoke: Wand              |       |       |       |     1 |       |     5 |       |       |       ||     6
  Use: Scroll            |     2 |     3 |     4 |     6 |    10 |    11 |    10 |    10 |    18 ||    74
       Potion            |     1 |       |     1 |     2 |     4 |     8 |       |    13 |    22 ||    51
 Stab: Invisible         |       |       |       |       |     8 |       |       |       |    19 ||    27
       Distracted        |       |       |       |       |       |       |       |       |     1 ||     1
  Eat: Chunk             |     1 |     7 |     9 |    20 |    15 |     6 |    21 |    13 |     6 ||    98
       Ration            |       |       |     1 |     1 |     5 |    10 |     4 |     6 |     7 ||    34
Armor: Scale mail        |    61 |    56 |       |       |       |       |       |       |       ||   117
       Ring mail         |     4 |       |       |    72 |       |       |       |       |       ||    76
       Chain mail        |       |    39 |   139 |    15 |       |       |       |       |       ||   193
       Plate armour      |       |       |       |   168 |   413 |   663 |   511 |   625 |   647 ||  3027
Dodge: Dodged            |    41 |    47 |    50 |   153 |   190 |   351 |   292 |   369 |   755 ||  2248
Block: Shield            |    63 |   105 |   114 |   353 |   510 |   926 |  1012 |  1259 |  1687 ||  6029
       Reflection        |       |       |       |       |     1 |    93 |   142 |   107 |    66 ||   409

Table legend:
 A = Spawn XP
 B = Non-spawn XP
 C = Spawn XP percentage of total XP
 D = Spawn monster count
 E = Non-spawn monster count
 F = Spawn count percentage of total count
 G = Total turns spent on level
                    A         B        C        D         E        F      G
               +---------+---------+-------+---------+---------+-------+---------
         Total |    9273 | 1602716 |   0.6 |      20 |    2380 |   0.8 | 55734
               +---------+---------+-------+---------+---------+-------+---------
           D:1 |       0 |      34 |   0.0 |       0 |      17 |   0.0 |   876
           D:2 |       0 |      71 |   0.0 |       0 |      26 |   0.0 |  1041
           D:3 |       0 |     380 |   0.0 |       0 |      39 |   0.0 |  1240
           D:4 |       0 |     361 |   0.0 |       0 |      33 |   0.0 |  1548
           D:5 |       0 |     660 |   0.0 |       0 |      17 |   0.0 |   723
           D:6 |       0 |    1925 |   0.0 |       0 |      30 |   0.0 |  1233
           D:7 |       0 |    2355 |   0.0 |       0 |      21 |   0.0 |  1191
           D:8 |       0 |    1529 |   0.0 |       0 |      23 |   0.0 |  1151
           D:9 |       0 |    4981 |   0.0 |       0 |      57 |   0.0 |  1125
          D:10 |       0 |    4994 |   0.0 |       0 |      46 |   0.0 |  1168
          D:11 |       0 |    3883 |   0.0 |       0 |      19 |   0.0 |   784
          D:12 |       0 |    8014 |   0.0 |       0 |      40 |   0.0 |   796
          D:13 |       0 |   14659 |   0.0 |       0 |      57 |   0.0 |  1248
          D:14 |       0 |   15774 |   0.0 |       0 |      50 |   0.0 |   896
          D:15 |       0 |   16957 |   0.0 |       0 |      34 |   0.0 |  1087
        Lair:1 |       0 |    4460 |   0.0 |       0 |      18 |   0.0 |   978
        Lair:2 |       0 |    5732 |   0.0 |       0 |      33 |   0.0 |  1338
        Lair:3 |       0 |   16853 |   0.0 |       0 |      31 |   0.0 |  1207
        Lair:4 |       0 |    3372 |   0.0 |       0 |      18 |   0.0 |  1192
        Lair:5 |       0 |    7588 |   0.0 |       0 |      26 |   0.0 |   631
        Lair:6 |       0 |   20896 |   0.0 |       0 |      62 |   0.0 |  1369
       Swamp:1 |       0 |    6365 |   0.0 |       0 |      15 |   0.0 |   928
       Swamp:2 |       0 |   11672 |   0.0 |       0 |      32 |   0.0 |   862
       Swamp:3 |       0 |   16119 |   0.0 |       0 |      38 |   0.0 |  2044
       Swamp:4 |       0 |   33884 |   0.0 |       0 |      99 |   0.0 |  1550
       Snake:1 |       0 |   16992 |   0.0 |       0 |      30 |   0.0 |   552
       Snake:2 |       0 |   10778 |   0.0 |       0 |      23 |   0.0 |   864
       Snake:3 |       0 |   11637 |   0.0 |       0 |      20 |   0.0 |   645
       Snake:4 |       0 |  113348 |   0.0 |       0 |     144 |   0.0 |  1796
         Orc:1 |       0 |    1532 |   0.0 |       0 |      29 |   0.0 |   597
         Orc:2 |       0 |   18491 |   0.0 |       0 |     101 |   0.0 |  1646
      Vaults:1 |       0 |   50606 |   0.0 |       0 |      88 |   0.0 |  1712
      Vaults:2 |       0 |   51732 |   0.0 |       0 |      79 |   0.0 |  1461
      Vaults:3 |       0 |   58729 |   0.0 |       0 |      91 |   0.0 |  1351
      Vaults:4 |       0 |   77899 |   0.0 |       0 |     120 |   0.0 |  1480
      Vaults:5 |       0 |  197246 |   0.0 |       0 |     161 |   0.0 |  1617
      Depths:1 |       0 |   31462 |   0.0 |       0 |      46 |   0.0 |  1216
      Depths:2 |     151 |   50789 |   0.3 |       1 |      63 |   1.6 |  1072
      Depths:3 |       0 |   75174 |   0.0 |       0 |      72 |   0.0 |  1765
      Depths:4 |       0 |   80607 |   0.0 |       0 |      92 |   0.0 |  1571
      Depths:5 |       0 |   77527 |   0.0 |       0 |      65 |   0.0 |  1577
         Zot:1 |       0 |  115982 |   0.0 |       0 |      67 |   0.0 |  1476
         Zot:2 |       0 |   33131 |   0.0 |       0 |      20 |   0.0 |   673
         Zot:3 |       0 |   55483 |   0.0 |       0 |      35 |   0.0 |   504
         Zot:4 |       0 |   98830 |   0.0 |       0 |      58 |   0.0 |   784
         Zot:5 |       0 |  153736 |   0.0 |       0 |      51 |   0.0 |  1420
       Abyss:2 |    5418 |    8218 |  39.7 |      12 |      33 |  26.7 |   436
       Abyss:3 |    3704 |    7030 |  34.5 |       7 |       4 |  63.6 |   173
           Lab |       0 |    2239 |   0.0 |       0 |       7 |   0.0 |   886
               +---------+---------+-------+---------+---------+-------+---------
